 Dungeon Crawl Stone Soup version 0.29.0-4-gdea44cf6ec (webtiles) character file.

Game seed: 10426913496909365037

81 qw the Caller (level 4, 0/37 HPs)
             Began as a Ghoul Summoner on Sept 10, 2022.
             Slain by a shadow imp (1 damage)
             ... summoned by Natasha
             ... on level 2 of the Dungeon.
             The game lasted 00:00:57 (2659 turns).

qw the Caller (Ghoul Summoner)                      Turns: 2659, Time: 00:00:57

Health: 0/37       AC:  5    Str: 13    XL:     4   Next: 40%
Magic:  0/5        EV: 10    Int: 10    God:
Gold:   131        SH:  0    Dex:  9    Spells: 5/6 levels left

rFire   . . .      SeeInvis .   Y - +1 long sword
rCold   + . .      Faith    .   (no shield)
rNeg    + + +      Spirit   .   e - +0 ring mail
rPois   inf        Reflect  .   (no helmet)
rElec   .          Harm     .   (no cloak)
rCorr   .          Rampage  .   (no gloves)
Will    .....                   (no boots)
Stlth   +.........              (no amulet)
HPRegen 0.00/turn               (no ring)
MPRegen 0.09/turn               (no ring)

@: inhibited regen
A: claws 1, cold resistance 1, negative energy resistance 3, inhibited
regeneration, torment resistance 2, devour on kill
a: no special abilities


You were on level 2 of the Dungeon.
You visited 1 branch of the dungeon, and saw 2 of its levels.

You collected 131 gold pieces.


Innate Abilities, Weirdness & Mutations

You are immune to poison.
You have sharp fingernails.
Your flesh is cold resistant. (rC+)
You are immune to negative energy. (rN+++)
You do not regenerate when monsters are visible.
You are immune to unholy pain and torment.
You thrive by killing the living.


   Skills:
 - Level 2.8 Fighting
 + Level 2.4 Axes
 - Level 1.7 Dodging
 - Level 2.1 Stealth
 - Level 1.7 Spellcasting
 - Level 3.6 Summonings


You had 5 spell levels left.
You knew the following spells:

 Your Spells              Type           Power      Damage    Failure   Level
a - Summon Small Mammal   Summ           32%        N/A       16%         1

Your spell library contained the following spells:

 Spells                   Type           Power      Damage    Failure   Level
 Call Imp                 Summ           8%         N/A       24%         2
 Call Canine Familiar     Summ           8%         N/A       43%         3
 Summon Guardian Golem    Hex/Summ       4%         N/A       71%         3
 Summon Lightning Spire   Summ/Air       4%         N/A       98%         4

Inventory:

Hand Weapons
 n - a +0 whip
 Y - a +1 long sword (weapon)
Armour
 e - a +0 ring mail (worn)
Scrolls
 b - a scroll of enchant armour {unknown}
 g - a scroll of identify {unknown}
Potions
 a - a potion of mutation {unknown}
 c - a potion of curing {unknown}
 d - a potion of degeneration {unknown}
 f - 2 potions of might
 l - a potion of cancellation {unknown}
 p - 2 potions of attraction {unknown}

Dungeon Overview and Level Annotations

Branches:
Dungeon (2/15)

Altars:

Annotations:
D:2 Natasha


Message History

The white imp is heavily wounded.
The giant cockroach bites you but does no damage.
The jackal bites you but does no damage.
The white imp barely misses you. The giant cockroach closely misses you.
The shadow imp closely misses you.
The jackal bites you but does no damage.
You hit the white imp.
The white imp is heavily wounded.
The giant cockroach barely misses you. The white imp gestures at you.
The puff of frost hits you. You resist. The jackal bites you.
The shadow imp closely misses you. The shadow imp hits you.
The giant cockroach bites you. The white imp gestures at you.
The puff of frost hits you. You resist.
You hit the white imp but do no damage.
The white imp is heavily wounded.
The shadow imp closely misses you. The giant cockroach bites you.
The jackal barely misses you.
The shadow imp hits you but does no damage.
Natasha howls an incantation.
Natasha shimmers violently.
The white imp gestures at you. The puff of frost hits you. You resist.
The shadow imp hits you but does no damage.
You completely miss the white imp.
The white imp is heavily wounded.
The jackal bites you. The giant cockroach closely misses you.
The shadow imp hits you but does no damage.
The white imp closely misses you.
The shadow imp hits you but does no damage.
The jackal bites you. The giant cockroach bites you.
The shadow imp closely misses you.
Your magical contamination has completely faded away.
You hit the white imp but do no damage.
The white imp is heavily wounded.
The jackal barely misses you.
The white imp hits you but does no damage.
The giant cockroach barely misses you. The shadow imp hits you.
You die...

#?# #...... #.#
#.....# ##.####
#.._..# ......#
#.....# #####.#
#..... . # #..%.#
... #..h###.$...
#######h5h5.......
.......hB@###.....
######.5## [.#
#.## # #.# #.# #.#
#)# .. # #.# #.#
#. ## #.## #.# #.


You could see Natasha, a white imp (summoned), 2 shadow imps, 3 jackals and a
giant cockroach.

Vanquished Creatures
  2 adders
  An endoplasm (D:1)
  3 goblins (D:2)
  3 hobgoblins (D:1)
  A jackal (D:1)
  2 quokkas
  2 bats (D:1)
  5 kobolds
  A rat (D:1)
20 creatures vanquished.

Vanquished Creatures (collateral kills)
  Jessica (D:2)
  An endoplasm (D:1)
  2 giant cockroaches
  A goblin (D:1)
  2 hobgoblins
  A jackal (D:1)
  A quokka (D:1)
  3 bats
  A frilled lizard (D:1)
13 creatures vanquished.

Grand Total: 33 creatures vanquished

Notes
Turn   | Place    | Note
-------+----------+-------------------------------------------
     0 | D:1      | qw the Ghoul Summoner began the quest for the Orb.
     0 | D:1      | Reached XP level 1. HP: 14/14 MP: 2/2
     0 | D:1      | 0 ||| qw: Version: 0.1-a-116-g5d60599
     0 | D:1      | 0 ||| qw: Game counter: 7623
     0 | D:1      | 0 ||| qw: Always use a shield: true
     0 | D:1      | 0 ||| qw: God list: Okawaru
     0 | D:1      | 0 ||| qw: Allow faded altars: false
     0 | D:1      | 0 ||| qw: Do Orc after D:15 true
     0 | D:1      | 0 ||| qw: Do second Lair branch before Depths: true
     0 | D:1      | 0 ||| qw: Lair rune preference: random
     0 | D:1      | 0 ||| qw: Plans: Normal
     0 | D:1      | 0 ||| PLANNING D:1-11
    22 | D:1      | 22 ||| CASTING Summon Small Mammal
    23 | D:1      | 23 ||| CASTING Summon Small Mammal
    62 | D:1      | 62 ||| CASTING Summon Small Mammal
    63 | D:1      | 63 ||| CASTING Summon Small Mammal
   172 | D:1      | 172 ||| CASTING Summon Small Mammal
   173 | D:1      | 173 ||| CASTING Summon Small Mammal
   181 | D:1      | Reached skill level 1 in Axes
   240 | D:1      | 240 ||| CASTING Summon Small Mammal
   241 | D:1      | 241 ||| CASTING Summon Small Mammal
   267 | D:1      | 267 ||| Wielding weapon +1 dagger of venom.
   312 | D:1      | 312 ||| CASTING Summon Small Mammal
   313 | D:1      | 313 ||| CASTING Summon Small Mammal
   370 | D:1      | 370 ||| CASTING Summon Small Mammal
   371 | D:1      | 371 ||| CASTING Summon Small Mammal
   381 | D:1      | Reached skill level 1 in Fighting
   381 | D:1      | Reached XP level 2. HP: 23/23 MP: 0/3
   421 | D:1      | 421 ||| CASTING Summon Small Mammal
   422 | D:1      | 422 ||| CASTING Summon Small Mammal
   423 | D:1      | 423 ||| CASTING Summon Small Mammal
   428 | D:1      | 428 ||| Stepping ~*~*~tactically~*~*~ (outnumbered).
   433 | D:1      | 433 ||| CASTING Summon Small Mammal
   440 | D:1      | 440 ||| Stepping ~*~*~tactically~*~*~ (stealth).
   446 | D:1      | 446 ||| CASTING Summon Small Mammal
   518 | D:1      | 518 ||| SWAPPING to +0 short sword.
   519 | D:1      | 519 ||| DROPPING +1 dagger of venom.
   528 | D:1      | 528 ||| CASTING Summon Small Mammal
   529 | D:1      | 529 ||| CASTING Summon Small Mammal
   530 | D:1      | 530 ||| CASTING Summon Small Mammal
   609 | D:1      | 609 ||| CASTING Summon Small Mammal
   610 | D:1      | 610 ||| CASTING Summon Small Mammal
   611 | D:1      | 611 ||| CASTING Summon Small Mammal
   649 | D:1      | 649 ||| CASTING Summon Small Mammal
   651 | D:1      | 651 ||| CASTING Summon Small Mammal
   652 | D:1      | 652 ||| CASTING Summon Small Mammal
   691 | D:1      | 691 ||| CASTING Summon Small Mammal
   692 | D:1      | 692 ||| CASTING Summon Small Mammal
   693 | D:1      | 693 ||| CASTING Summon Small Mammal
   703 | D:1      | 703 ||| CASTING Summon Small Mammal
   716 | D:1      | 716 ||| CASTING Summon Small Mammal
   941 | D:1      | 941 ||| CASTING Summon Small Mammal
   942 | D:1      | 942 ||| CASTING Summon Small Mammal
   943 | D:1      | 943 ||| CASTING Summon Small Mammal
   979 | D:1      | 979 ||| CASTING Summon Small Mammal
   980 | D:1      | 980 ||| CASTING Summon Small Mammal
   981 | D:1      | 981 ||| CASTING Summon Small Mammal
  1021 | D:1      | 1021 ||| SWAPPING to +0 whip.
  1022 | D:1      | 1022 ||| DROPPING +0 short sword.
  1098 | D:1      | 1098 ||| SWAPPING to +0 long sword.
  1168 | D:1      | 1168 ||| CASTING Summon Small Mammal
  1169 | D:1      | 1169 ||| CASTING Summon Small Mammal
  1170 | D:1      | 1170 ||| CASTING Summon Small Mammal
  1177 | D:1      | Reached XP level 3. HP: 20/28 MP: 0/4
  1426 | D:1      | 1426 ||| UPGRADING to +0 ring mail.
  1436 | D:1      | 1436 ||| DROPPING +0 robe.
  1437 | D:1      | 1437 ||| DROPPING scarf of shadows.
  1438 | D:1      | 1438 ||| DROPPING ring of wizardry.
  1439 | D:1      | 1439 ||| READING scroll labelled AQUXESS LIAZOH.
  1440 | D:1      | 1440 ||| READING 2 scrolls labelled OCAGGE ENWUPS.
  1441 | D:1      | 1441 ||| READING scroll labelled IWUCZABRIR.
  1442 | D:1      | 1442 ||| READING scroll labelled ENUXUY JOCS.
  1443 | D:1      | 1443 ||| READING scroll labelled ISTRIU IZAUCK.
  1544 | D:1      | 1544 ||| READING scroll labelled XUAPRISUCO.
  1545 | D:1      | 1545 ||| DRINKING 3 fizzy amethyst potions.
  1546 | D:1      | 1546 ||| DROPPING potion of magic.
  1547 | D:1      | 1547 ||| DROPPING scroll of vulnerability.
  1571 | D:2      | 1571 ||| CASTING Summon Small Mammal
  1572 | D:2      | 1572 ||| STAIRDANCE
  1574 | D:1      | 1574 ||| CASTING Summon Small Mammal
  1575 | D:1      | 1575 ||| CASTING Summon Small Mammal
  1576 | D:1      | 1576 ||| CASTING Summon Small Mammal
  1616 | D:2      | 1616 ||| CASTING Summon Small Mammal
  1617 | D:2      | 1617 ||| CASTING Summon Small Mammal
  1618 | D:2      | 1618 ||| STAIRDANCE
  1639 | D:2      | 1639 ||| CASTING Summon Small Mammal
  1640 | D:2      | 1640 ||| CASTING Summon Small Mammal
  1641 | D:2      | 1641 ||| CASTING Summon Small Mammal
  1642 | D:2      | 1642 ||| CASTING Summon Small Mammal
  1646 | D:2      | 1646 ||| STAIRDANCE
  1713 | D:2      | Noticed Jessica
  1714 | D:2      | 1714 ||| Stepping ~*~*~tactically~*~*~ (hiding).
  1717 | D:2      | 1717 ||| CASTING Summon Small Mammal
  1718 | D:2      | 1718 ||| CASTING Summon Small Mammal
  1719 | D:2      | 1719 ||| CASTING Summon Small Mammal
  1724 | D:2      | 1724 ||| CASTING Summon Small Mammal
  1728 | D:2      | 1728 ||| CASTING Summon Small Mammal
  1735 | D:2      | Killed Jessica
  1736 | D:2      | Reached XP level 4. HP: 34/37 MP: 0/5
  1815 | D:2      | 1815 ||| CASTING Summon Small Mammal
  1816 | D:2      | 1816 ||| CASTING Summon Small Mammal
  1817 | D:2      | 1817 ||| CASTING Summon Small Mammal
  1818 | D:2      | 1818 ||| CASTING Summon Small Mammal
  1819 | D:2      | 1819 ||| CASTING Summon Small Mammal
  1962 | D:2      | 1962 ||| CASTING Summon Small Mammal
  1963 | D:2      | 1963 ||| CASTING Summon Small Mammal
  1964 | D:2      | 1964 ||| CASTING Summon Small Mammal
  1965 | D:2      | 1965 ||| CASTING Summon Small Mammal
  1966 | D:2      | 1966 ||| CASTING Summon Small Mammal
  2085 | D:2      | 2085 ||| CASTING Summon Small Mammal
  2086 | D:2      | 2086 ||| CASTING Summon Small Mammal
  2087 | D:2      | 2087 ||| CASTING Summon Small Mammal
  2088 | D:2      | 2088 ||| CASTING Summon Small Mammal
  2089 | D:2      | 2089 ||| CASTING Summon Small Mammal
  2095 | D:2      | 2095 ||| CASTING Summon Small Mammal
  2103 | D:2      | 2103 ||| CASTING Summon Small Mammal
  2372 | D:2      | 2372 ||| CASTING Summon Small Mammal
  2373 | D:2      | 2373 ||| CASTING Summon Small Mammal
  2374 | D:2      | 2374 ||| CASTING Summon Small Mammal
  2375 | D:2      | 2375 ||| CASTING Summon Small Mammal
  2376 | D:2      | 2376 ||| CASTING Summon Small Mammal
  2437 | D:2      | 2437 ||| CASTING Summon Small Mammal
  2438 | D:2      | 2438 ||| CASTING Summon Small Mammal
  2439 | D:2      | 2439 ||| CASTING Summon Small Mammal
  2440 | D:2      | 2440 ||| CASTING Summon Small Mammal
  2441 | D:2      | 2441 ||| CASTING Summon Small Mammal
  2448 | D:2      | 2448 ||| CASTING Summon Small Mammal
  2514 | D:2      | 2514 ||| CASTING Summon Small Mammal
  2515 | D:2      | 2515 ||| CASTING Summon Small Mammal
  2516 | D:2      | 2516 ||| CASTING Summon Small Mammal
  2517 | D:2      | 2517 ||| CASTING Summon Small Mammal
  2518 | D:2      | 2518 ||| CASTING Summon Small Mammal
  2525 | D:2      | 2525 ||| CASTING Summon Small Mammal
  2585 | D:2      | 2585 ||| CASTING Summon Small Mammal
  2586 | D:2      | 2586 ||| CASTING Summon Small Mammal
  2587 | D:2      | 2587 ||| CASTING Summon Small Mammal
  2588 | D:2      | 2588 ||| CASTING Summon Small Mammal
  2589 | D:2      | 2589 ||| CASTING Summon Small Mammal
  2641 | D:2      | Noticed Natasha
  2642 | D:2      | 2642 ||| Stepping ~*~*~tactically~*~*~ (stealth).
  2643 | D:2      | 2643 ||| CASTING Summon Small Mammal
  2644 | D:2      | 2644 ||| CASTING Summon Small Mammal
  2645 | D:2      | 2645 ||| CASTING Summon Small Mammal
  2646 | D:2      | 2646 ||| CASTING Summon Small Mammal
  2647 | D:2      | 2647 ||| CASTING Summon Small Mammal
  2650 | D:2      | 2650 ||| Stepping ~*~*~tactically~*~*~ (outnumbered).
  2653 | D:2      | 2653 ||| CASTING Summon Small Mammal
  2657 | D:2      | HP: 6/37 [white imp/puff of frost[Natasha] (4)]
  2658 | D:2      | HP: 2/37 [jackal (1)]
  2659 | D:2      | Slain by a shadow imp

Levels and vault maps discovered:
D:1:      sevenhm_arrival_forest_fort_small_3, layout_basic, minmay_tromino_i2
D:2:      layout_loops_ring, basic_altar, uniq_jessica, uniq_crazy_yiuf_cottage,
          uniq_natasha

Skill      XL: |  1  2  3 |
---------------+----------+-----
Axes           | 1 2 |  2.4
Fighting       | 1 2 |  2.8
Dodging        | |  1.7
Stealth        | |  2.1
Spellcasting   | |  1.7
Summonings     | |  3.6

Action                   |  1- 3 |  4- 6 || total
-------------------------+-------+-------++-------
Melee: Unarmed           |     9 |       ||     9
       Dagger            |    11 |       ||    11
       Short sword       |    31 |       ||    31
       Long sword        |    13 |    38 ||    51
       Punch             |     1 |       ||     1
 Cast: Summon Small Mamm |    48 |    33 ||    81
  Use: Scroll            |     6 |       ||     6
       Potion            |     1 |       ||     1
 Stab: Distracted        |     1 |       ||     1
Armor: Robe              |    14 |       ||    14
       Ring mail         |    10 |    28 ||    38
Dodge: Dodged            |    47 |    36 ||    83

Table legend:
 A = Non-vault XP
 B = Vault XP
 C = Vault XP percentage of total XP
 D = Non-vault monster count
 E = Vault monster count
 F = Vault count percentage of total count
                 A         B        C        D         E       F
            +---------+---------+-------+---------+---------+-------
      Total |      77 |      39 |  33.6 |      30 |       3 |   9.1
            +---------+---------+-------+---------+---------+-------
        D:1 |      47 |       2 |   4.1 |      20 |       2 |   9.1
        D:2 |      30 |      37 |  55.2 |      10 |       1 |   9.1
            +---------+---------+-------+---------+---------+-------
